[ AOE2 MATCH · #495975371 ]
UnrankedSpanish vs Sicilians
Player's team · LOSS
Rival team · WIN
[ REPLAY ANALYSIS · EXTRACTED FROM THE RECORDED GAME ]
Feudal
12:59
Castle
16:29
Imperial
31:28
| APM avg | 50.7 |
| APM peak | 102 |
| eAPM avg | 22.5 |
| Villagers / military | 94 / 34 |
Focus
⚔️ 39.4% · 🌾 60.6%
Missionary ×14 · Conquistador ×12 · Fishing Ship ×4 · Trebuchet (Packed) ×4 · Knight ×2 · Mangonel ×1
Feudal
12:25
Castle
15:58
Imperial
—
| APM avg | 47.3 |
| APM peak | 81 |
| eAPM avg | 26.3 |
| Villagers / military | 159 / 118 |
Focus
⚔️ 33.3% · 🌾 66.7%
Scout Cavalry ×57 · Skirmisher ×38 · Petard ×14 · Battering Ram ×5 · Fishing Ship ×3 · Knight ×2
Match map
Initial resources + every placement click. Lines = walls · curves = elevation contours. ◆ gold · ⬟ stone · ● berries · ✦ relic · ◌ wall gap
Your base· Open — unwalled flank
Ferman's base· Open — unwalled flank
Smoothed initial terrain · ◌ = detected wall gap · hover for details
Inputs per minute
— chubstorm - - Ferman
Build order — chubstorm
First 150 of 239 actions detected
| 0:01 | Create | Villager (Male) |
| 0:02 | Build | House |
| 0:04 | Build | House |
| 0:05 | Create | Villager (Male) |
| 0:11 | Create | Villager (Male) |
| 0:17 | Create | Villager (Male) |
| 0:17 | Create | Villager (Male) |
| 1:12 | Create | Villager (Male) |
| 2:02 | Create | Villager (Male) |
| 2:36 | Create | Villager (Male) |
| 2:37 | Create | Villager (Male) |
| 3:09 | Build | Lumber Camp |
| 3:16 | Create | Villager (Male) |
| 3:38 | Create | Villager (Male) |
| 4:14 | Build | House |
| 4:16 | Create | Villager (Male) |
| 4:44 | Create | Villager (Male) |
| 4:44 | Create | Villager (Male) |
| 5:14 | Build | Dock |
| 5:37 | Create | Villager (Male) |
| 5:58 | Create | Villager (Male) |
| 5:59 | Create | Fishing Ship |
| 6:06 | Build | House |
| 6:24 | Create | Villager (Male) |
| 6:39 | Create | Villager (Male) |
| 6:47 | Create | Fishing Ship |
| 6:56 | Build | Mill |
| 7:09 | Create | Villager (Male) |
| 7:18 | Create | Villager (Male) |
| 7:23 | Create | Fishing Ship |
| 7:58 | Build | Mill |
| 8:08 | Create | Villager (Male) |
| 8:10 | Build | House |
| 8:13 | Build | Palisade Wall |
| 8:21 | Create | Villager (Male) |
| 8:21 | Create | Villager (Male) |
| 8:42 | Build | Palisade Wall |
| 8:46 | Build | Palisade Wall |
| 8:54 | Create | Villager (Male) |
| 9:13 | Build | House |
| 9:16 | Create | Fishing Ship |
| 9:33 | Create | Villager (Male) |
| 9:33 | Create | Villager (Male) |
| 9:43 | Research | Loom |
| 10:49 | Research | Feudal Age |
| 11:47 | Build | Mining Camp |
| 12:13 | Build | House |
| 12:49 | Create | Villager (Male) |
| 12:49 | Create | Villager (Male) |
| 12:59 | Age | Feudal Age |
| 13:04 | Build | Blacksmith |
| 13:12 | Build | Market |
| 13:49 | Research | Castle Age |
| 14:11 | Research | Double-Bit Axe |
| 14:29 | Create | Unit 2626 |
| 15:02 | Build | Barracks |
| 15:14 | Research | Scale Barding Armor |
| 15:55 | Build | Stable |
| 16:01 | Create | Villager (Male) |
| 16:29 | Age | Castle Age |
| 16:32 | Build | Monastery |
| 16:35 | Build | Monastery |
| 16:36 | Research | Bloodlines |
| 16:50 | Create | Villager (Male) |
| 16:52 | Build | Lumber Camp |
| 17:06 | Create | Missionary |
| 17:13 | Create | Missionary |
| 17:24 | Create | Villager (Male) |
| 17:24 | Create | Villager (Male) |
| 17:47 | Create | Villager (Male) |
| 17:54 | Build | Town Center |
| 17:59 | Create | Missionary |
| 17:59 | Create | Missionary |
| 18:01 | Create | Villager (Male) |
| 18:05 | Build | House |
| 18:22 | Create | Missionary |
| 18:23 | Create | Villager (Male) |
| 18:36 | Create | Villager (Male) |
| 18:42 | Research | Husbandry |
| 18:55 | Research | Sanctity |
| 19:10 | Research | Fervor |
| 19:12 | Create | Villager (Male) |
| 19:18 | Create | Missionary |
| 19:19 | Create | Villager (Male) |
| 19:20 | Build | House |
| 19:33 | Create | Villager (Male) |
| 20:00 | Build | Town Center |
| 20:02 | Create | Villager (Male) |
| 20:04 | Create | Missionary |
| 20:04 | Create | Missionary |
| 20:18 | Build | Mining Camp |
| 20:30 | Create | Villager (Male) |
| 20:51 | Build | House |
| 21:03 | Build | House |
| 21:16 | Research | Redemption |
| 21:47 | Create | Villager (Male) |
| 21:58 | Create | Villager (Male) |
| 22:02 | Build | Farm |
| 22:02 | Build | Farm |
| 22:03 | Build | Farm |
| 22:03 | Build | Farm |
| 22:03 | Build | Farm |
| 22:13 | Create | Villager (Male) |
| 22:23 | Create | Villager (Male) |
| 22:51 | Create | Villager (Male) |
| 22:54 | Create | Villager (Male) |
| 22:58 | Build | Farm |
| 22:58 | Build | Farm |
| 22:58 | Build | Farm |
| 22:58 | Build | Farm |
| 22:59 | Build | Farm |
| 23:01 | Create | Missionary |
| 23:06 | Create | Knight |
| 23:21 | Create | Villager (Male) |
| 23:36 | Create | Villager (Male) |
| 23:38 | Create | Missionary |
| 23:42 | Create | Villager (Male) |
| 23:49 | Build | House |
| 23:51 | Build | House |
| 24:01 | Build | House |
| 24:33 | Create | Villager (Male) |
| 24:37 | Build | House |
| 24:43 | Build | Siege Workshop |
| 24:45 | Create | Villager (Male) |
| 24:50 | Create | Villager (Male) |
| 24:59 | Build | Castle |
| 25:01 | Create | Villager (Male) |
| 25:25 | Create | Villager (Male) |
| 25:39 | Create | Villager (Male) |
| 25:39 | Create | Mangonel |
| 25:44 | Create | Villager (Male) |
| 25:45 | Build | Farm |
| 25:45 | Build | Farm |
| 25:48 | Build | House |
| 26:09 | Build | Castle |
| 26:21 | Create | Villager (Male) |
| 26:51 | Build | Siege Workshop |
| 26:52 | Create | Villager (Male) |
| 26:55 | Create | Conquistador |
| 26:55 | Create | Conquistador |
| 26:55 | Create | Conquistador |
| 26:57 | Create | Villager (Male) |
| 26:57 | Create | Villager (Male) |
| 26:58 | Build | Farm |
| 26:59 | Build | Farm |
| 26:59 | Build | Farm |
| 26:59 | Build | Farm |
| 27:11 | Create | Knight |
| 27:13 | Create | Villager (Male) |
| 27:24 | Build | Mining Camp |
Build order — Ferman
First 150 of 483 actions detected
| 0:01 | Create | Villager (Male) |
| 0:01 | Create | Villager (Male) |
| 0:02 | Build | House |
| 0:04 | Build | House |
| 0:07 | Create | Villager (Male) |
| 0:15 | Create | Villager (Male) |
| 1:30 | Create | Villager (Male) |
| 2:18 | Create | Villager (Male) |
| 2:19 | Create | Villager (Male) |
| 2:19 | Create | Villager (Male) |
| 2:58 | Create | Villager (Male) |
| 2:58 | Create | Villager (Male) |
| 3:08 | Create | Villager (Male) |
| 3:34 | Build | Lumber Camp |
| 3:36 | Create | Villager (Male) |
| 3:36 | Create | Villager (Male) |
| 3:43 | Build | House |
| 3:52 | Create | Villager (Male) |
| 3:52 | Create | Villager (Male) |
| 4:06 | Build | House |
| 4:38 | Create | Villager (Male) |
| 4:38 | Create | Villager (Male) |
| 5:15 | Create | Villager (Male) |
| 5:15 | Create | Villager (Male) |
| 5:32 | Build | Dock |
| 5:38 | Create | Villager (Male) |
| 5:50 | Create | Villager (Male) |
| 6:14 | Create | Fishing Ship |
| 6:25 | Create | Villager (Male) |
| 6:25 | Create | Villager (Male) |
| 6:52 | Create | Fishing Ship |
| 6:58 | Create | Villager (Male) |
| 7:14 | Build | House |
| 7:23 | Create | Villager (Male) |
| 7:32 | Create | Villager (Male) |
| 7:43 | Create | Fishing Ship |
| 7:53 | Create | Villager (Male) |
| 8:12 | Create | Villager (Male) |
| 8:20 | Build | Mill |
| 8:27 | Create | Villager (Male) |
| 8:48 | Create | Villager (Male) |
| 8:58 | Build | House |
| 9:18 | Build | Mining Camp |
| 9:48 | Research | Loom |
| 9:58 | Research | Feudal Age |
| 12:25 | Age | Feudal Age |
| 12:27 | Create | Villager (Male) |
| 12:28 | Build | Market |
| 12:29 | Build | Blacksmith |
| 12:31 | Research | Town Watch |
| 12:42 | Create | Unit 2626 |
| 13:18 | Research | Castle Age |
| 13:18 | Research | Castle Age |
| 13:22 | Research | Double-Bit Axe |
| 13:30 | Build | Outpost |
| 13:46 | Research | Horse Collar |
| 13:49 | Build | House |
| 13:50 | Build | House |
| 14:03 | Build | Outpost |
| 14:05 | Build | Outpost |
| 14:13 | Build | Outpost |
| 14:56 | Build | House |
| 15:08 | Build | Outpost |
| 15:36 | Build | Outpost |
| 15:46 | Create | Villager (Male) |
| 15:53 | Create | Villager (Male) |
| 15:58 | Age | Castle Age |
| 16:01 | Build | Town Center |
| 16:02 | Create | Villager (Male) |
| 16:07 | Build | Town Center |
| 16:11 | Research | Bow Saw |
| 16:26 | Build | Outpost |
| 16:30 | Build | Outpost |
| 16:31 | Create | Villager (Male) |
| 16:48 | Build | Monastery |
| 16:55 | Create | Villager (Male) |
| 17:01 | Create | Villager (Male) |
| 17:10 | Build | Outpost |
| 17:13 | Create | Villager (Male) |
| 17:24 | Create | Villager (Male) |
| 17:26 | Create | Villager (Male) |
| 17:38 | Build | Outpost |
| 17:45 | Create | Monk |
| 17:51 | Create | Villager (Male) |
| 17:57 | Build | Mill |
| 17:57 | Create | Villager (Male) |
| 17:58 | Create | Villager (Male) |
| 18:01 | Build | Farm |
| 18:02 | Build | Farm |
| 18:02 | Build | Farm |
| 18:08 | Create | Villager (Male) |
| 18:09 | Build | Farm |
| 18:09 | Build | Farm |
| 18:10 | Build | Farm |
| 18:10 | Build | Farm |
| 18:10 | Build | Farm |
| 18:25 | Build | Outpost |
| 18:28 | Create | Villager (Male) |
| 18:29 | Create | Villager (Male) |
| 18:33 | Create | Villager (Male) |
| 18:35 | Build | House |
| 18:37 | Build | House |
| 18:40 | Build | Farm |
| 18:47 | Build | Farm |
| 18:48 | Create | Villager (Male) |
| 18:58 | Build | Outpost |
| 18:59 | Create | Villager (Male) |
| 19:01 | Create | Villager (Male) |
| 19:05 | Create | Villager (Male) |
| 19:11 | Create | Villager (Male) |
| 19:17 | Build | Farm |
| 19:19 | Build | Farm |
| 19:20 | Build | Farm |
| 19:21 | Create | Villager (Male) |
| 19:22 | Create | Villager (Male) |
| 19:34 | Build | House |
| 19:40 | Create | Villager (Male) |
| 19:41 | Create | Villager (Male) |
| 19:48 | Create | Villager (Male) |
| 19:50 | Build | House |
| 19:53 | Build | Farm |
| 19:53 | Build | Farm |
| 19:53 | Build | Farm |
| 19:53 | Build | Farm |
| 19:57 | Create | Villager (Male) |
| 19:57 | Create | Villager (Male) |
| 20:03 | Build | Farm |
| 20:03 | Build | Farm |
| 20:03 | Build | Farm |
| 20:03 | Build | Farm |
| 20:05 | Create | Villager (Male) |
| 20:05 | Create | Villager (Male) |
| 20:12 | Create | Villager (Male) |
| 20:17 | Build | House |
| 20:18 | Build | House |
| 20:19 | Create | Villager (Male) |
| 20:27 | Create | Villager (Male) |
| 20:32 | Build | Farm |
| 20:32 | Build | Farm |
| 20:32 | Build | Farm |
| 20:40 | Create | Villager (Male) |
| 20:40 | Create | Villager (Male) |
| 20:46 | Create | Villager (Male) |
| 20:53 | Build | Donjon |
| 21:02 | Research | Fletching |
| 21:02 | Research | Fletching |
| 21:08 | Build | Barracks |
| 21:10 | Create | Villager (Male) |
| 21:10 | Create | Villager (Male) |
| 21:22 | Build | Mining Camp |
Match timeline
| 5:14 | chubstorm · first_building Dock |
| 5:32 | Ferman · first_building Dock |
| 8:13 | chubstorm · wall_segment Palisade Wall x1 |
| 8:42 | chubstorm · wall_segment Palisade Wall x9 |
| 8:46 | chubstorm · wall_segment Palisade Wall x1 |
| 12:25 | Ferman · age_up feudal |
| 12:59 | chubstorm · age_up feudal |
| 15:02 | chubstorm · first_building Barracks |
| 15:55 | chubstorm · first_building Stable |
| 15:58 | Ferman · age_up castle |
| 16:29 | chubstorm · age_up castle |
| 16:32 | chubstorm · first_building Monastery |
| 16:35 | Ferman · first_market_buy 100 wood |
| 16:48 | Ferman · first_building Monastery |
| 16:49 | chubstorm · first_market_buy 100 wood |
| 18:50 | chubstorm · first_market_sell 100 wood |
| 20:53 | Ferman · first_building Donjon |
| 21:08 | Ferman · first_building Barracks |
| 21:32 | Ferman · first_building Stable |
| 24:43 | chubstorm · first_building Siege Workshop |
| 24:59 | chubstorm · first_building Castle |
| 25:11 | Ferman · first_market_sell 100 stone |
| 26:12 | Ferman · first_building Castle |
| 30:28 | Ferman · first_building Siege Workshop |
| 30:56 | chubstorm · wall_segment Palisade Wall x5 |
| 31:13 | chubstorm · wall_segment Palisade Wall x4 |
| 31:28 | chubstorm · age_up imperial |
| 32:07 | Ferman · first_building Archery Range |
| 39:31 | chubstorm · resign |
[ AI ANALYSIS · 1 CREDIT ]
What really happened in this match?
Wolo.gg analyzes every decision: build order, eco, micro, common mistakes by bracket. Personalized analysis on WhatsApp or Discord in 30 seconds.
Civ guide
Spanish
Perfil
chubstorm